 Dungeon Crawl Stone Soup version 0.28.0-45-g0d030f2227 (webtiles) character file.

Game seed: 4348262713640252180

9488 NinjaNoafa the Skirmisher (level 11, -5/92 HPs)
             Began as a Grey Draconian Fighter on Apr 16, 2022.
             Was a Believer of Fedhas.
             Slain by a komodo dragon (16 damage)
             ... on level 11 of the Dungeon.
             The game lasted 00:29:48 (13554 turns).

NinjaNoafa the Skirmisher (Grey Draconian Fighter) Turns: 13554, Time: 00:29:53

Health: -5/92      AC: 24    Str: 28    XL:     11   Next: 23%
Magic:  19/19      EV: 13    Int:  9    God:    Fedhas [**....]
Gold:   423        SH:  0    Dex: 10    Spells: 17/21 levels left

rFire   . . .      SeeInvis .   j - +10 falchion of the Known World {venom, Str+5}
rCold   . . .      Faith    +   x - orb {*channel}
rNeg    . . .      Spirit   .   (armour unavailable)
rPois   .          Reflect  .   (helmet restricted)
rElec   +          Harm     .   m - +2 cloak
rCorr   .          Rampage  .   d - +0 pair of gloves
Will    .....                   (no boots)
Stlth   ++........              f - amulet of faith
HPRegen 0.25/turn               s - +4 ring of protection
MPRegen 0.16/turn               v - +4 ring of protection

@: no status effects
A: AC +12, amphibious, unfitting armour, cold-blooded, electricity resistance
a: Renounce Religion, Wall of Briars


You were on level 11 of the Dungeon.
You worshipped Fedhas.
Fedhas was pleased with you.
You visited 3 branches of the dungeon, and saw 13 of its levels.
You also visited: Ossuary.

You collected 423 gold pieces.

Inventory:

Hand Weapons
 a - a +0 war axe
 j - the +10 falchion of the Known World (weapon) {venom, Str+5}
   (You took it off an orc on level 6 of the Dungeon)

   It poisons the flesh of those it strikes.
   Str:       It affects your strength (+5).
 l - a +1 short sword of speed
 n - a +1 dagger of venom
 u - a +0 spear of freezing
 z - a +2 flail of protection
 F - a +3 flail
Missiles
 i - 256 stones
 k - 4 boomerangs (quivered)
 p - 12 poisoned darts
 D - 2 javelins
 E - a throwing net
Armour
 b - a +0 buckler
 d - a +0 pair of gloves (worn)
 m - a +2 cloak (worn)
 q - an orb of light
 x - an orb of energy (worn)
Magical Staves
 J - a staff of poison
Jewellery
 f - an amulet of faith (around neck)
 s - a +4 ring of protection (left hand)
 v - a +4 ring of protection (right hand)
 A - a +4 ring of evasion
 C - a ring of willpower
 K - a ring of willpower
Wands
 g - a wand of charming (7)
 r - a wand of acid (3)
 H - a wand of flame (7)
 L - a wand of iceblast (6)
Scrolls
 c - 2 scrolls of amnesia
 e - 3 scrolls of teleportation
 h - 3 scrolls of fog
 w - 2 scrolls of magic mapping
 y - 3 scrolls of blinking
 G - 2 scrolls of noise
 O - 2 scrolls of identify
Potions
 o - a potion of resistance
 t - a potion of magic
 B - 3 potions of haste
 I - a potion of invisibility
 M - a potion of cancellation
 N - 2 potions of mutation


   Skills:
 - Level 7.0 Fighting
 - Level 3.2(5.4) Short Blades
 * Level 6.9(7.2) Long Blades
 - Level 2.3(2.8) Axes
 - Level 2.3(2.8) Maces & Flails
 - Level 4.0 Throwing
 + Level 5.3 Dodging
 - Level 3.0 Stealth
 - Level 5.0 Shields
 + Level 5.9 Spellcasting
 * Level 4.2 Hexes
 + Level 6.3 Summonings
 - Level 3.0 Invocations
 + Level 4.2 Evocations


You had 17 spell levels left.
You knew the following spells:

 Your Spells              Type           Power      Damage    Failure   Level
a - Summon Small Mammal   Summ           56%        N/A       1%          1
b - Call Canine Familiar  Summ           14%        N/A       4%          3

Your spell library contained the following spells:

 Spells                   Type           Power      Damage    Failure   Level
 Summon Guardian Golem    Hex/Summ       12%        N/A       8%          3


Dungeon Overview and Level Annotations

Branches:
Dungeon (11/15)            Temple (1/1) D:7            Lair (1/6) D:8
Ossuary (visited)
    Orc: D:9-12

Altars:
Ashenzari
Cheibriados
Dithmenos
Elyvilon
Fedhas
Gozag
Hepliaklqana
Kikubaaqudgha
Makhleb
Nemelex Xobeh
Okawaru
Qazlal
Ru
Sif Muna
Trog
Uskayaw
Vehumet
Wu Jian
Xom
Yredelemnul
Zin
The Shining One

Shops:
D:2 *

Annotations:
Lair:1 Grum


Innate Abilities, Weirdness & Mutations

Your dull iron-grey scales are very hard. (AC +12)
You are amphibious.
You cannot fit into any form of body armour.
You are cold-blooded and may be slowed by cold attacks.
You are resistant to electric shocks. (rElec)


Message History

The yak is severely wounded.
The wraith hits you. The wraith drains your vigour!
You feel yourself slow down.
You slash the wraith!
The wraith is severely damaged.
The yak gores you. The komodo dragon barely misses you. The wraith misses you.
The yak closely misses you. The komodo dragon bites you!!
You slash the yak!
You kill the yak!
Fedhas appreciates your contribution to the ecosystem.
The wraith hits you. The komodo dragon bites you!
* * * LOW HITPOINT WARNING * * *
The wraith hits you.
* * * LOW HITPOINT WARNING * * *
You slash the wraith!
The wraith is almost destroyed.
A yak comes into view.
The komodo dragon bites you but does no damage.
The wraith barely misses you.
The yak moves out of view.
You closely miss the wraith.
Your tail-slap misses the wraith.
The wraith is almost destroyed.
The komodo dragon barely misses you. The wraith barely misses you.
The komodo dragon bites you!
* * * LOW HITPOINT WARNING * * *
You slash the wraith!
You destroy the wraith!
Fedhas accepts your kill.
The komodo dragon bites you but does no damage.
It was a potion of invisibility.
You fade into invisibility!
The komodo dragon completely misses you.
The komodo dragon bites you.
* * * LOW HITPOINT WARNING * * *
It was a potion of cancellation.
Your magical effects are unravelling.
You feel magically purged.
You feel yourself speed up.
You flicker back into view.
The komodo dragon bites you!
You die...
Fedhas appreciates your contribution to the ecosystem.

#.. #.... .#
.#.... .#
...... .. #
.....###'##.##
## ............
.. #.#........
#.#.l<.......
#..Y@......$.
#.......#####
Y...Y..........
####....###+###
#....# ......#
.#.....# .
#.....# ####..#


You could see a komodo dragon and 3 yaks.

Vanquished Creatures
  Erolcha (D:9)
  Erica (D:9)
  2 two-headed ogres
  An unseen horror (D:10)
  A gargoyle (D:8)
  A komodo dragon (D:8)
  2 trolls
  A wyvern (D:10)
  3 wraiths
  7 yaks
  2 steam dragons (D:8)
  Menkaure (D:4)
  An acid dragon (D:11)
  A water moccasin (D:6)
  4 orc warriors
  3 black bears
  A sky beast (D:6)
  An ogre (D:6)
  3 centaurs
  A phantom (D:7)
  6 bullfrogs
  A wyvern zombie (D:5)
  2 scorpions
  2 wyvern skeletons (D:7)
  7 killer bees (D:9)
  3 wights (D:8)
  2 howler monkeys
  A bullfrog zombie (D:7)
  2 hounds
  2 centaur zombies
  3 jellies
  6 orc priests
  A bullfrog skeleton (D:7)
  A centaur skeleton (D:5)
  A gnoll shaman (D:7)
  4 iguanas
  Jessica (D:3)
  8 orc wizards
  A hound skeleton (D:3)
  A mummy (Ossuary)
  2 howler monkey zombies
  A howler monkey skeleton (D:7)
  6 adders
  6 gnolls
  A white imp (D:7)
  An ufetubus (D:5)
  4 worms
  4 dart slugs
  23 orcs
  5 endoplasms
  3 giant cockroaches
  8 goblins
  6 hobgoblins
  6 kobolds
  3 quokkas
  15 ball pythons
  A ball python skeleton (D:3)
  6 bats
  3 frilled lizards
  8 gnoll skeletons (Ossuary)
  4 kobold skeletons (Ossuary)
  13 orc skeletons (Ossuary)
  2 quokka zombies (D:3)
  8 rats
232 creatures vanquished.

Vanquished Creatures (others)
  A centaur (D:8)
  A wight (D:8)
  An orc (D:8)
  23 fungi
  22 plants
48 creatures vanquished.

Grand Total: 280 creatures vanquished

Notes
Turn   | Place    | Note
-------+----------+-------------------------------------------
     0 | D:1      | NinjaNoafa the Draconian Fighter began the quest for the
                  | Orb.
     0 | D:1      | Reached XP level 1. HP: 19/19 MP: 1/1
   548 | D:1      | Reached XP level 2. HP: 25/26 MP: 2/2
  1317 | D:2      | Reached XP level 3. HP: 30/33 MP: 3/3
  1513 | D:2      | Reached skill level 1 in Short Blades
  1736 | D:2      | Found a faded altar of an unknown god.
  1840 | D:2      | Reached XP level 4. HP: 40/40 MP: 4/4
  1861 | D:2      | Found Nepis Nasu's Assorted Antiques.
  2291 | D:3      | Reached skill level 4 in Fighting
  2644 | D:3      | Reached XP level 5. HP: 46/46 MP: 5/5
  2765 | D:3      | Noticed Jessica
  2772 | D:3      | Killed Jessica
  3053 | D:3      | Reached skill level 1 in Evocations
  3240 | D:4      | Noticed Menkaure
  3241 | D:4      | Gained mutation: You are clumsy. (Dex -2) [potion of
                  | mutation]
  3241 | D:4      | Gained mutation: Your spells are a little harder to cast,
                  | but a little more powerful. [potion of mutation]
  3248 | D:4      | Killed Menkaure
  3249 | D:4      | Reached XP level 6. HP: 23/53 MP: 6/6
  3888 | D:4      | Reached skill level 5 in Fighting
  3888 | D:4      | Your scales start taking on a dull iron-grey colour.
  3888 | D:4      | Reached XP level 7. HP: 58/61 MP: 7/7
  4378 | D:5      | Entered Level 5 of the Dungeon
  4430 | D:5      | Found a sand-covered staircase.
  4437 | Ossuary  | Entered an ossuary
  4437 | Ossuary  | Noticed a wraith
  4437 | Ossuary  | Noticed a wraith
  4437 | Ossuary  | Noticed a wraith
  4712 | Ossuary  | Noticed a wraith
  4774 | Ossuary  | Killed a wraith
  4775 | Ossuary  | Reached skill level 5 in Shields
  5098 | D:5      | Reached skill level 5 in Dodging
  5615 | D:6      | Noticed a two-headed ogre
  5870 | D:6      | Reached skill level 1 in Stealth
  5893 | D:6      | Reached skill level 1 in Maces & Flails
  5893 | D:6      | Reached skill level 1 in Throwing
  5893 | D:6      | Reached XP level 8. HP: 57/68 MP: 8/8
  6161 | D:6      | Identified the +10 falchion of the Known World {venom,
                  | Str+5}
  6626 | D:6      | Killed a two-headed ogre
  6627 | D:6      | Reached skill level 6 in Fighting
  6957 | D:6      | Reached XP level 9. HP: 76/78 MP: 9/9
  7374 | D:7      | Found a staircase to the Ecumenical Temple.
  7386 | Temple   | Entered the Ecumenical Temple
  7554 | Temple   | Became a worshipper of Fedhas Madash
  8082 | D:7      | Reached skill level 1 in Spellcasting
  8420 | D:8      | Reached skill level 7 in Fighting
  8955 | D:8      | Reached skill level 1 in Summonings
  9150 | D:8      | Noticed a gargoyle
  9162 | D:8      | Killed a gargoyle
  9162 | D:8      | Reached * piety under Fedhas
  9163 | D:8      | Reached skill level 5 in Long Blades
  9466 | D:8      | Reached XP level 10. HP: 22/86 MP: 15/15
  9734 | D:8      | Found a staircase to the Lair.
  9906 | D:8      | Found a bloodstained altar of Trog.
 10160 | Lair:1   | Entered Level 1 of the Lair of Beasts
 10178 | D:8      | Learned a level 1 spell: Summon Small Mammal
 10746 | D:9      | Lost mutation: You are clumsy. (Dex -2) [potion of
                  | mutation]
 10746 | D:9      | Lost mutation: Your spells are a little harder to cast, but
                  | a little more powerful. [potion of mutation]
 10746 | D:9      | Gained mutation: You are resistant to electric shocks.
                  | (rElec) [potion of mutation]
 10882 | D:9      | Noticed a two-headed ogre
 10891 | D:9      | Killed a two-headed ogre
 10892 | D:9      | Reached skill level 1 in Hexes
 10892 | D:9      | Reached skill level 5 in Summonings
 11068 | D:9      | Reached skill level 5 in Spellcasting
 11144 | D:9      | Reached ** piety under Fedhas
 11372 | D:9      | Noticed Erica
 11381 | D:9      | Killed Erica
 11382 | D:9      | Reached skill level 1 in Invocations
 11474 | D:9      | Noticed Erolcha
 11488 | D:9      | Killed Erolcha
 11494 | D:9      | Learned a level 3 spell: Call Canine Familiar
 11813 | Lair:1   | Noticed Grum
 11832 | Lair:1   | Noticed a cane toad
 11839 | Lair:1   | Noticed a four-headed hydra
 12373 | D:10     | Entered Level 10 of the Dungeon
 12800 | D:10     | Reached XP level 11. HP: 46/92 MP: 15/19
 13554 | D:11     | Slain by a komodo dragon

Illustrated notes

Levels and vault maps discovered:
D:1:      matt_arrival_grand_opening, layout_loops_corners, minivault_11
D:2:      layout_loops_ring, shapermc_ecumenical_altar_venn, serial_shops,
          nicolae_square_shop, minivault_4
D:3:      layout_basic, st_stairs_1, minmay_divided_ellipse, uniq_jessica
D:4:      layout_basic, st_stairs_14, hex_medium, uniq_menkaure
D:5:      layout_basic, enter_ossuary_1
D:6:      layout_cave_pools
D:7:      layout_basic, minmay_temple_entry_wispy, serial_rivers,
          chequers_serial_rivers_micro_a, chequers_serial_rivers_large_a,
          chequers_serial_rivers_small_a, chequers_serial_rivers_micro_a
D:8:      layout_basic, trog_book, grunt_lair_entry_orc_guard_hut
D:9:      layout_stronghold, uniq_erolcha, uniq_erica
D:10:     layout_cave_pools
D:11:     layout_basic, hangedman_ranch
Temple:   mainiacjoe_temple_starburst
Lair:1:   layout_gridlike, grunt_megastairs_3, uniq_grum

Skill      XL: |  1  2  3  4  5  6  7  8  9 10 11 |
---------------+----------------------------------+-----
Dodging        | 3 4 5 |  5.3
Short Blades   | 1 2 3 |  3.2
Fighting       | 4 5 6 7 |  7.0
Evocations     | 1 2 3 4 |  4.2
Shields        | 4 5 |  5.0
Stealth        | 1 3 |  3.0
Maces & Flails | 1 2 |  2.3
Throwing       | 1 3 4 |  4.0
Long Blades    | 3 5 6 |  6.9
Spellcasting   | 3 5 |  5.9
Summonings     | 3 6 |  6.3
Hexes          | 3 4 |  4.2
Invocations    | 2 3 |  3.0
Axes           | |  2.3

Action                   |  1- 3 |  4- 6 |  7- 9 | 10-12 || total
-------------------------+-------+-------+-------+-------++-------
Melee: War axe           |    37 |       |       |       ||    37
       Short sword       |    41 |   185 |   189 |       ||   415
       Tailslap          |     1 |    18 |    62 |    32 ||   113
       Flail             |       |       |    70 |       ||    70
       Falchion          |       |       |   115 |   184 ||   299
Throw: Boomerang         |    29 |    45 |    32 |       ||   106
       Dart              |       |       |     6 |       ||     6
 Cast: Summon Small Mamm |       |       |       |     4 ||     4
       Call Canine Famil |       |       |       |     2 ||     2
Evoke: Wand              |       |       |     9 |     2 ||    11
  Use: Potion            |       |     3 |     8 |     4 ||    15
       Scroll            |       |       |    22 |     4 ||    26
 Stab: Sleeping          |       |       |     2 |     2 ||     4
Armor: Skin              |    17 |    52 |   321 |   134 ||   524
Dodge: Dodged            |    38 |    78 |   307 |   159 ||   582
Block: Buckler           |    10 |    32 |    47 |       ||    89
